 Dungeon Crawl Stone Soup version 0.26-a0-812-g31a745ddcd (webtiles) character file.

Game seed: 3665970375861794988

211 Borgoz the Cudgeller (level 5, -4/32 HPs)
             Began as a Gargoyle Gladiator on Dec 8, 2020.
             Killed from afar by Blork the orc (12 damage)
             ... with a puff of frost
             ... on level 4 of the Dungeon.
             The game lasted 00:03:27 (3461 turns).

Borgoz the Cudgeller (Gargoyle Gladiator)           Turns: 3461, Time: 00:03:27

Health: -4/32      AC: 10    Str: 24    XL:     5   Next: 88%
Magic:  5/5        EV: 12    Int:  9    God:
Gold:   208        SH:  0    Dex: 11    Spells: 4/4 levels left

rFire    . . .     SeeInvis .   a - +0 flail
rCold    . . .     Faith    .   (no shield)
rNeg     + . .     Spirit   .   e - +0 ring mail
rPois    ∞         Reflect  .   h - +0 helmet
rElec    +         Harm     .   (no cloak)
rCorr    .         Rampage  .   (no gloves)
MR       .....                  (no boots)
Stlth    +.........             (no amulet)
HPRegen  0.10/turn              i - +6 ring of strength
MPRegen  0.09/turn              (no ring)

@: no status effects
A: negative energy resistance 1, electricity resistance, unbreathing,
petrification resistance, rot immunity, AC +4
a: no special abilities


You were on level 4 of the Dungeon.
You visited 1 branch of the dungeon, and saw 4 of its levels.

You collected 208 gold pieces.

Inventory:

Hand Weapons
 a - a +0 flail (weapon)
Armour
 e - a +0 ring mail (worn)
 h - a +0 helmet (worn)
Jewellery
 b - an uncursed ring of fire {unknown}
 i - a +6 ring of strength (left hand)
Scrolls
 c - a scroll of remove curse {unknown}
 k - a scroll of teleportation {unknown}
 l - a scroll of identify {unknown}
Potions
 f - a potion of heal wounds {unknown}
 g - a potion of haste {unknown}
 j - 2 potions of resistance {unknown}
 m - a potion of curing {unknown}


   Skills:
 + Level 3.5 Fighting
 * Level 4.5 Maces & Flails
 - Level 1.7 Throwing
 + Level 2.5 Armour
 + Level 3.1 Dodging


You had 4 spell levels left.
You didn't know any spells.
Your spell library was empty.

Dungeon Overview and Level Annotations

Branches:
Dungeon (4/15)
 Temple: D:4-7

Altars:

Annotations:
D:4 Blork the orc


Innate Abilities, Weirdness & Mutations

You are resistant to torment.
Your stone body is resilient. (AC +4)
You are immune to poison.
You resist negative energy. (rN+)
You are resistant to electric shocks. (rElec)
You can survive without breathing.
You are immune to petrification.
You are immune to rotting.


Message History

Blork the orc is caught in the net!
Blork the orc is heavily wounded.
Blork the orc struggles against the net.
You hit Blork the orc.
Blork the orc is severely wounded.
Blork the orc points at you and mumbles some strange words.
The puff of frost misses you.
Blork the orc struggles against the net.
You hit Blork the orc.
Blork the orc is almost dead.
Blork the orc gestures wildly while chanting.
Blork the orc flickers and vanishes!
Deactivating autopickup; reactivate with Ctrl-A.
Something wriggles in the net.
All of a sudden the net rips apart!
You barely miss something. Something hits you but does no damage.
You hit something. Something hits you but does no damage.
You hear some strange, mumbled words.
A puff of frost appears from out of thin air!
The puff of frost hits you!
You die...

.. #+ . #. . .#.
..# #.# #{#
#@#####.#########
#..[............#
#..####.####.<#.#
##.## #.####.##.#
#..# #.#.......#
#..###.#.##.##.#
#...##.#.##......
#.#.##.#.#######.
#.#.##.#.# .


There were no monsters in sight!

Vanquished Creatures
  An ogre (D:2)
  Robin (D:3)
  2 adders
  An ooze (D:2)
  4 dart slugs
  A leopard gecko (D:1)
  An orc (D:3)
  A ball python (D:1)
  3 giant cockroaches
  17 hobgoblins
  3 jackals (D:2)
  2 quokkas (D:2)
  5 bats
  5 frilled lizards
  10 goblins
  10 kobolds
  11 rats
78 creatures vanquished.

Notes
Turn   | Place    | Note
-------+----------+-------------------------------------------
     0 | D:1      | Borgoz the Gargoyle Gladiator began the quest for the Orb.
     0 | D:1      | Reached XP level 1. HP: 12/12 MP: 1/1
    24 | D:1      | Reached XP level 2. HP: 10/18 MP: 2/2
   638 | D:1      | Reached skill level 1 in Armour
   758 | D:1      | Reached XP level 3. HP: 22/22 MP: 3/3
  1629 | D:2      | Reached XP level 4. HP: 25/27 MP: 4/4
  1751 | D:2      | Noticed an ogre
  1769 | D:2      | Killed an ogre
  1769 | D:2      | Reached skill level 4 in Maces & Flails
  1769 | D:2      | Reached XP level 5. HP: 12/32 MP: 5/5
  2642 | D:3      | Noticed Robin
  2662 | D:3      | Killed Robin
  3447 | D:4      | Noticed Blork the orc
  3461 | D:4      | Killed from afar by Blork the orc

Illustrated notes

Levels and vault maps discovered:
D:1:      nicolae_arrival_memento_mori, layout_basic
D:2:      layout_loops_corners
D:3:      layout_loops_ring, corexii_hall_statues_u, uniq_robin
D:4:      layout_basic, grunt_temple_overflow_open, trog_butcher_becter,
          uniq_natasha, uniq_pikel, uniq_blork_the_orc

Skill      XL: |  1  2  3  4 |
---------------+-------------+-----
Armour         | 1 2 |  2.5
Fighting       | 3 |  3.5
Maces & Flails | 4 |  4.5
Dodging        | 3 |  3.1
Throwing       | |  1.7

Action                   |  1- 3 |  4- 6 || total
-------------------------+-------+-------++-------
Melee: Flail             |   138 |    94 ||   232
       Club              |       |    35 ||    35
Throw: Throwing net      |       |     4 ||     4
  Use: Scroll            |       |     1 ||     1
 Stab: Held in net/web   |       |     1 ||     1
Armor: Leather armour    |    33 |       ||    33
       Ring mail         |    12 |    66 ||    78
Dodge: Dodged            |    86 |    87 ||   173

Table legend: (Time is in decaauts)
 A = Elapsed time spent in this place.
 B = Non-inter-level travel time spent in this place.
 C = Inter-level travel time spent in this place.
 D = Time resting spent in this place.
 E = Time spent auto-exploring this place.
 F = Levels seen in this place.
 G = Mean time per level.
                   A        B        C        D        E       F      G
               +--------+--------+--------+--------+--------+-----+--------+
         Total |   3509 |   3448 |     61 |    589 |   2285 |   4 |  877.2 |
       Dungeon |   3509 |   3448 |     61 |    589 |   2285 |   4 |  877.2 |
               +--------+--------+--------+--------+--------+-----+--------+

Top non-repeatable levels by time:
     D:1: 1453 daAuts
     D:2: 1174 daAuts
     D:3: 837 daAuts
     D:4: 44 daAuts
